 Dungeon Sprint DCSS version 0.28.0-1-gb440e238dd (webtiles) character file.

Game seed: 1799840313723235403

24341 cbfl8 the Executioner (level 12, -54/192 HPs)
             Began as a Minotaur Berserker on Feb 27, 2022.
             Was the Champion of Trog.
             Annihilated by a nargun (56 damage)
             ... in the Dungeon (Sprint V: "Ziggurat Sprint").
             The game lasted 00:17:24 (1720 turns).

cbfl8 the Executioner (Minotaur Berserker)          Turns: 1720, Time: 00:17:24

Health: -54/192    AC: 28    Str: 31    XL:     12   Next: 79%
Magic:  12/12      EV:  7    Int:  7    God:    Trog [******]
Gold:   0          SH: 32    Dex: 12    Spells: 11/11 levels left

rFire   . . .      SeeInvis +   L - +14 obsidian axe {vorpal, Mesm Drain Fly SInv}
rCold   . . .      Faith    .   M - +18 shield of the Gong {rElec rN+ Will+ EV-5}
rNeg    + + +      Spirit   .   n - +5 shadow dragon scales
rPois   .          Reflect  .   (helmet restricted)
rElec   +          Harm     .   k - +2 cloak {rCorr}
rCorr   +          Rampage  .   W - +1 pair of gloves of the Doldrums {rN++ Int+3}
Will    ++++.      Clarity  +   (no boots)
Stlth   .......... NoTele   +   N - amulet of the Four Winds {rN+ Will+++ Clar}
HPRegen 0.42/turn               J - +6 ring of strength
MPRegen 0.13/turn               Q - +4 ring of slaying

@: berserking, flying, mesmerised, studying Bows, very quick
A: horns 2, retaliatory headbutt
a: Renounce Religion, Berserk, Trog's Hand, Brothers in Arms


You were in the Dungeon.
You worshipped Trog.
Trog was exalted by your worship.
You visited 1 branch

Inventory:

Hand Weapons
 L - the +14 obsidian axe (weapon) {vorpal, Mesm Drain Fly SInv}
   (You found it in the Dungeon)

   It inflicts extra damage upon your enemies.
   It occasionally summons demons to assist the wielder when it strikes in
   combat.
   Its wielder is mesmerised by any visible foes.
   It cannot be unequipped while any foes are visible.
   SInv:      It lets you see invisible.
   Fly:       It grants you flight.
   Drain:     It drains your maximum health when unequipped.
 S - the +12 war axe "Oschu" {vorpal, rPois Stlth+}
   (Trog gifted it to you in the Dungeon)

   It inflicts extra damage upon your enemies.
   rPois:     It protects you from poison.
   Stlth:     It makes you more stealthy.
Armour
 k - a +2 cloak of preservation (worn)
 n - +5 shadow dragon scales (worn)
 M - the +18 shield of the Gong (worn) {rElec rN+ Will+ EV-5}
   (You found it in the Dungeon)

   It is deafeningly noisy when blocking attacks.
   EV:        It affects your evasion (-5).
   rElec:     It insulates you from electricity.
   rN:        It protects you from negative energy.
   Will:      It increases your willpower.
 W - the +1 pair of gloves of the Doldrums (worn) {rN++ Int+3}
   (You found it in the Dungeon)

   Int:       It affects your intelligence (+3).
   rN:        It greatly protects you from negative energy.
Jewellery
 i - the ring "Qywecvihyi" {Dex+6 Slay+3}
   (You found it in the Dungeon)

   [ring of dexterity]

   Dex:       It affects your dexterity (+6).
   Slay:      It affects your accuracy & damage with ranged weapons and melee
   (+3).
 j - the ring "Duenumo" {Str+6 Int+2 Dex-5 SInv}
   (You found it in the Dungeon)

   [ring of strength]

   Str:       It affects your strength (+6).
   Int:       It affects your intelligence (+2).
   Dex:       It affects your dexterity (-5).
   SInv:      It lets you see invisible.
 o - the ring "Koitohy" {rF+ rC+ rN+}
   (You found it in the Dungeon)

   [ring of protection from fire]

   rF:        It protects you from fire.
   rC:        It protects you from cold.
   rN:        It protects you from negative energy.
 H - the amulet "Sawodu" {Faith rElec}
   (You found it in the Dungeon)

   [amulet of faith]

   It allows you to gain divine favour quickly.
   rElec:     It insulates you from electricity.
 J - a +6 ring of strength (left hand)
 N - the amulet of the Four Winds (around neck) {rN+ Will+++ Clar}
   (You found it in the Dungeon)

   [amulet of nothing]

   rN:        It protects you from negative energy.
   Clar:      It protects you against confusion.
   Will:      It greatly increases your willpower.
 Q - a +4 ring of slaying (right hand)
 Z - the ring "Zaivid" {rPois rF+ Will+}
   (You found it in the Dungeon)

   [ring of poison resistance]

   rF:        It protects you from fire.
   rPois:     It protects you from poison.
   Will:      It increases your willpower.
Wands
 y - a wand of mindburst (7)
 B - a wand of iceblast (7)
 C - a wand of acid (7)
Scrolls
 h - 4 scrolls of blinking
 q - 8 scrolls of fog
 r - a scroll of holy word
 s - 5 scrolls of identify
 t - 2 scrolls of fear
 u - 4 scrolls of amnesia
 T - 3 scrolls of brand weapon
Potions
 c - 10 potions of curing
 e - 14 potions of haste
 f - 7 potions of magic
 g - a potion of berserk rage
 v - 2 potions of invisibility
 w - 4 potions of resistance
 z - 5 potions of might
 A - 2 potions of brilliance
 U - a potion of heal wounds
Miscellaneous
 a - a tin of tremorstones (2/2)
 b - a phantom mirror
 d - a box of beasts (inert)
 l - a phial of floods
 m - a phantom mirror
 p - a phantom mirror
 x - a piece from Xom's chessboard (15/15)
 D - a lightning rod (4/4)
 E - a phantom mirror
 F - a phial of floods
 G - a lightning rod (4/4)
 K - a lightning rod (4/4)
 O - a phial of floods
 P - a box of beasts (inert)
 R - a phial of floods
 V - a box of beasts (inert)
 X - a condenser vane (inert)


   Skills:
 + Level 18.5 Fighting
 + Level 1.2(1.5) Short Blades
 + Level 1.4(1.8) Long Blades
 + Level 21.1(21.2) Axes
 + Level 1.4(14.0) Maces & Flails
 + Level 1.4(14.0) Polearms
 + Level 1.4(2.1) Staves
 + Level 1.2(1.9) Slings
 + Level 1.2 Bows
 + Level 1.2 Crossbows
 + Level 1.8(2.0) Throwing
 + Level 15.3 Armour
 + Level 9.2 Dodging
 + Level 6.2 Stealth
 + Level 18.5 Shields
 + Level 1.2 Unarmed Combat
 + Level 1.4 Invocations
 + Level 7.7 Evocations


You had 11 spell levels left.
You didn't know any spells.
Your spell library contained the following spells:

 Spells                   Type           Power      Damage    Failure   Level
 Magic Dart               Conj           0%         1d3       91%         1
 Pain                     Necr           0%         1d4       91%         1
 Shock                    Conj/Air       0%         1d3       91%         1
 Sting                    Tmut/Pois      0%         1d3       91%         1
 Blink                    Tloc           0%         N/A       97%         2
 Searing Ray              Conj           0%         2d4       97%         2
 Wereblood                Tmut           0%         N/A       97%         2
 Dazzling Flash           Conj/Hex       0%         N/A       99%         3
 Gell's Gravitas          Tloc           0%         N/A       99%         3
 Inner Flame              Hex/Fire       0%         N/A       99%         3
 Portal Projectile        Hex/Tloc       0%         N/A       99%         3
 Spider Form              Tmut/Pois      0%         N/A       99%         3
 Summon Guardian Golem    Hex/Summ       0%         N/A       99%         3
 Swiftness                Air            0%         N/A       99%         3
 Airstrike                Air            0%         N/A       100%        4
 Fulminant Prism          Conj/Hex       0%         3d6       100%        4
 Iskenderun's Mystic Bla  Conj/Tloc      0%         2d3       100%        4
 Alistair's Intoxication  Tmut/Pois      0%         N/A       100%        5
 Blade Hands              Tmut           0%         N/A       100%        5
 Borgnjor's Vile Clutch   Necr/Erth      0%         N/A       100%        5
 Excruciating Wounds      Necr           0%         N/A       100%        5
 Fireball                 Conj/Fire      0%         3d3       100%        5
 Iskenderun's Battlesphe  Conj           0%         2d6       100%        5
 Lightning Bolt           Conj/Air       0%         1d11      100%        5
 Summon Forest            Summ/Tloc      0%         N/A       100%        5
 Conjure Ball Lightning   Conj/Air       0%         3x3d6     100%        6
 Eringya's Noxious Bog    Tmut/Pois      0%         N/A       100%        6
 Starburst                Conj/Fire      0%         6d3       100%        6
 Orb of Destruction       Conj           0%         9d5       100%        7
 Summon Hydra             Summ           0%         N/A       100%        7
 Infestation              Necr           0%         N/A       100%        8


Dungeon Overview and Level Annotations

Branches:
Dungeon (1/1)

Altars:
Ashenzari
Cheibriados
Dithmenos
Elyvilon
Fedhas
Gozag
Hepliaklqana
Kikubaaqudgha
Makhleb
Nemelex Xobeh
Okawaru
Qazlal
Ru
Sif Muna
Trog
Uskayaw
Vehumet
Wu Jian
Xom
Yredelemnul
Zin
The Shining One
Beogh
Jiyva
Lugonu


Innate Abilities, Weirdness & Mutations

You have a pair of horns on your head.
You reflexively headbutt those who attack you in melee.


Message History

You block the Ice Fiend's attack.
GONNNNG!
The nargun escapes!
Unknown command.
You slice the Ice Fiend!!
The Ice Fiend is heavily wounded.
You hit the nargun.
Visions of slaying the Ice Fiend flood into your mind.
Unknown command.
You barely miss the Ice Fiend.
The Ice Fiend is heavily wounded.
You barely miss the nargun.
Visions of slaying the nargun flood into your mind.
The Ice Fiend claws you but does no damage. x2
The tormentor calls on the powers of darkness!
Your juvenile weirdfire beast convulses!
Your body is wracked with pain!
* * * LOW HITPOINT WARNING * * *
You slice the Ice Fiend!!
The Ice Fiend is almost dead.
You hit the nargun. The Ice Fiend gestures at you. The bolt of cold hits you!!
* * * LOW HITPOINT WARNING * * *
Unknown command.
You hit the Ice Fiend.
The Ice Fiend is almost dead.
You slice the nargun!! You completely miss the nargun.
Visions of slaying the nargun flood into your mind.
The tormentor says, "I will show you what pain is."
You block the nargun's attack.
SHROANNG!
You block the nargun's attack.
GONNNNG!
The nargun hits you.
* * * LOW HITPOINT WARNING * * *
The nargun bites you!
* * * LOW HITPOINT WARNING * * *
The nargun freezes you!!!
You die...

▓.)...▓.)[|.
▓.§§§§§§§§..▓▓.....▓.....
▓.§§§§§§§§..▓▓..†).▓...†.
▓.§§§☼§§§...▓▓.....▓.....
▓..§9§§§....▓▓.....▓.....
▓...........▓▓..©..▓..©..
▓....H.22...▓▓▓▓▓▓▓▓▓▓▓▓▓
▓..▓...91▓..▓..8©8...▓..8
▓.....99@...▓..[.....▓..)
▓.....©.....▓........▓..)
▓▓▓▓▓▓▓▓▓▓▓▓▓........▓...
▓....8©8....▓...)....▓...
▓...|..[....▓.▓....▓.▓...
▓.....=[}...▓...©....▓...
▓...........▓▓▓▓▓▓▓▓▓▓▓▓▓
▓...........▓...8©8...▓..
▓...........▓..)[)....▓..


You could see an Ice Fiend, 4 narguns, 2 tormentors and a friendly juvenile
weirdfire beast (summoned, petrified).

Vanquished Creatures
  An ancient lich (D)
  A vampire knight (D)
  An entropy weaver (D)
  A wendigo (D)
  A spark wasp (D)
  A hydra (D)
  A two-headed ogre (D)
  2 vampire magi (D)
  A pharaoh ant (D)
  2 necromancers (D)
  3 cyclopes (D)
  A toenail golem (D)
  3 black mambas (D)
  2 torpor snails (D)
  A cane toad (D)
  A demonic crawler (D)
  A komodo dragon (D)
  A rime drake (D)
  A troll (D)
  2 tarantellas (D)
  A hornet (D)
  A blink frog (D)
  A spriggan (D)
  2 culicivoras (D)
  4 shadows (D)
  A yak (D)
  A vampire (D)
  2 basilisks (D)
  A steam dragon (D)
  3 nagas (D)
  A black bear (D)
  An orc warrior (D)
  A wolf (D)
  2 ogres (D)
  A bullfrog (D)
  4 earth elementals (D)
  A wight (D)
  3 crimson imps (D)
  2 orc priests (D)
  An iguana (D)
  An adder (D)
  2 white imps (D)
  2 adder simulacra (D)
  An orc (D)
  2 ball pythons (D)
  5 jackals (D)
  2 ball python simulacra (D)
  A jackal skeleton (D)
  A quokka simulacrum (D)
  A quokka skeleton (D)
80 creatures vanquished.

Vanquished Creatures (collateral kills)
  A vampire knight (D)
  A two-headed ogre (D)
  2 vampire magi (D)
  2 skeletal warriors (D)
  A necromancer (D)
  A toenail golem (D)
  A cane toad (D)
  2 vampires (D)
  A naga (D)
  2 water moccasins (D)
  A black bear (D)
  2 wolves (D)
  A wight (D)
  An orc wizard (D)
  A white imp (D)
  An adder zombie (D)
  An orc (D)
  A ball python (D)
  A bat skeleton (D)
  A bat zombie (D)
25 creatures vanquished.

Vanquished Creatures (others)
  An ogre (D)
  A ball python simulacrum (D)
2 creatures vanquished.

Grand Total: 107 creatures vanquished

Notes
Turn   | Place    | Note
-------+----------+-------------------------------------------
     0 | D        | cbfl8 the Minotaur Berserker began the quest for the Orb.
     0 | D        | Reached XP level 1. HP: 19/19 MP: 0/0
    19 | D        | Found a blossoming altar of Fedhas.
    19 | D        | Found the +6 Majin-Bo {vamp, MP+6 Int+6}
    19 | D        | Found the +9 heavy crossbow "Sniper" {vorpal, Acc+∞ SInv}
    19 | D        | Found the +10 dark maul {vorpal}
    19 | D        | Found the +15 Maxwell's patent armour {-Cast -Tele rElec
                  | Will+ rCorr}
    19 | D        | Found the +18 shield of the Gong {rElec rN+ Will+ EV-5}
    19 | D        | Found the +14 obsidian axe {vorpal, Mesm Drain Fly SInv}
    19 | D        | Found the +7 great mace "Firestarter" {inner flame, rF++}
    19 | D        | Found the +6 shillelagh "Devastator" {shatter}
    19 | D        | Found the +11 plutonium sword {Contam Stlth-}
    19 | D        | Found the +8 lance "Wyrmbane" {slay drac, rPois rF+ rC+
                  | AC+3}
    19 | D        | Found the +9 sword of Zonguldrok {reap}
    19 | D        | Found the +13 scythe of Curses {drain, Drain}
    19 | D        | Found the +5 sword of Power {vorpal}
    19 | D        | Found the +7 mace of Variability {chain chaos}
    19 | D        | Found the +7 Singing Sword {vorpal, sonic wave}
    19 | D        | Found the +8 storm bow {elec, penet}
    26 | D        | Found a viscous altar of Jiyva.
    26 | D        | Found a hazy altar of Hepliaklqana.
    26 | D        | Found a transporter.
    26 | D        | Found an opulent altar of Gozag.
    26 | D        | Found an ancient bone altar of Kikubaaqudgha.
    26 | D        | Found a corrupted altar of Lugonu.
    39 | D        | Found a burning altar of Makhleb.
    40 | D        | Found a stormy altar of Qazlal.
    40 | D        | Found an iron altar of Okawaru.
    40 | D        | Found a sacrificial altar of Ru.
    40 | D        | Found a sparkling altar of Nemelex Xobeh.
    40 | D        | Found a shimmering blue altar of Sif Muna.
    40 | D        | Found a bloodstained altar of Trog.
   214 | D        | Entered arena 2.
   214 | D        | Found the amulet of the Four Winds {rN+ Will+++ Clar}
   214 | D        | Found a transporter.
   220 | D        | Reached skill level 4 in Axes
   228 | D        | Entered arena 3.
   228 | D        | Noticed a wolf
   228 | D        | Noticed an iguana
   228 | D        | Found a transporter.
   231 | D        | Killed a wolf
   231 | D        | Reached ** piety under Trog
   232 | D        | Reached skill level 7 in Axes
   232 | D        | Reached skill level 1 in Stealth
   232 | D        | Reached XP level 2. HP: 15/34 MP: 1/1
   232 | D        | Reached XP level 3. HP: 17/39 MP: 2/2
   232 | D        | Reached XP level 4. HP: 21/47 MP: 3/3
   408 | D        | Entered arena 4.
   408 | D        | Noticed a naga
   408 | D        | Found a transporter.
   412 | D        | Reached skill level 8 in Axes
   412 | D        | Reached *** piety under Trog
   413 | D        | Reached skill level 1 in Shields
   414 | D        | Killed a naga
   415 | D        | Reached skill level 9 in Axes
   415 | D        | Reached skill level 5 in Armour
   415 | D        | Reached XP level 5. HP: 56/56 MP: 4/4
   532 | D        | Entered arena 5.
   532 | D        | Noticed a spriggan
   532 | D        | Noticed a black bear
   532 | D        | Noticed a wolf
   532 | D        | Noticed a black bear
   532 | D        | Found a transporter.
   535 | D        | Killed a spriggan
   536 | D        | Reached skill level 11 in Axes
   536 | D        | Reached XP level 6. HP: 66/66 MP: 5/5
   536 | D        | Reached **** piety under Trog
   537 | D        | Reached skill level 10 in Fighting
   538 | D        | Reached skill level 5 in Dodging
   538 | D        | Reached XP level 7. HP: 73/73 MP: 6/6
   539 | D        | Reached skill level 12 in Axes
   544 | D        | Got Sif Muna's Handbook of Shifting Lightness
   551 | D        | Reached skill level 1 in Short Blades
   551 | D        | Reached skill level 1 in Long Blades
   551 | D        | Reached skill level 1 in Maces & Flails
   551 | D        | Reached skill level 1 in Polearms
   551 | D        | Reached skill level 1 in Staves
   551 | D        | Reached skill level 1 in Slings
   551 | D        | Reached skill level 1 in Bows
   551 | D        | Reached skill level 1 in Crossbows
   551 | D        | Reached skill level 1 in Throwing
   551 | D        | Reached skill level 5 in Shields
   551 | D        | Reached skill level 1 in Unarmed Combat
   551 | D        | Reached skill level 1 in Invocations
   551 | D        | Reached skill level 1 in Evocations
   551 | D        | Reached XP level 8. HP: 82/82 MP: 6/8
   553 | D        | Entered arena 6.
   553 | D        | Found a transporter.
   559 | D        | Reached ***** piety under Trog
   569 | D        | Entered arena 7.
   569 | D        | Noticed a toenail golem
   569 | D        | Noticed a toenail golem
   570 | D        | Found a transporter.
   575 | D        | Reached skill level 13 in Axes
   578 | D        | Killed a toenail golem
   578 | D        | Identified the +12 war axe "Oschu" {vorpal, rPois Stlth+}
                  | (Trog gifted it to you in the Dungeon)
   578 | D        | Received a gift from Trog
   579 | D        | Killed a toenail golem
   580 | D        | Reached skill level 14 in Axes
   580 | D        | Reached XP level 9. HP: 68/90 MP: 9/9
   684 | D        | Got the +1 pair of gloves of the Doldrums {rN++ Int+3}
   693 | D        | Entered arena 8.
   694 | D        | Found a transporter.
   698 | D        | Noticed a soul eater
   700 | D        | Reached ****** piety under Trog
   700 | D        | Received a gift from Trog
   701 | D        | Reached skill level 5 in Stealth
   723 | D        | Entered arena 9.
   723 | D        | Noticed a black mamba
   724 | D        | Found a transporter.
   730 | D        | Reached skill level 15 in Axes
   733 | D        | Killed a black mamba
   735 | D        | Received a gift from Trog
   738 | D        | Reached skill level 16 in Axes
   738 | D        | Reached skill level 10 in Armour
   845 | D        | Got the ring "Zaivid" {rPois rF+ Will+}
   863 | D        | Entered arena 10.
   864 | D        | Found a transporter.
   870 | D        | Received a gift from Trog
   884 | D        | Got the ring "Qywecvihyi" {Dex+6 Slay+3}
   889 | D        | Got the ring "Duenumo" {Str+6 Int+2 Dex-5 SInv}
   910 | D        | Entered arena 11.
   910 | D        | Found the +1 cloak of Starlight {*Dazzle EV+4 Stlth--}
   910 | D        | Noticed a cyclops
   910 | D        | Noticed a two-headed ogre
   910 | D        | Noticed a cyclops
   910 | D        | Noticed a two-headed ogre
   910 | D        | Noticed a cyclops
   910 | D        | Noticed a troll
   911 | D        | Found a transporter.
   915 | D        | Reached XP level 10. HP: 79/101 MP: 10/10
   919 | D        | Killed a two-headed ogre
   920 | D        | Reached skill level 10 in Shields
   922 | D        | Reached skill level 17 in Axes
   923 | D        | Killed a cyclops
   923 | D        | Received a gift from Trog
   923 | D        | Killed a two-headed ogre
   925 | D        | Killed a cyclops
   926 | D        | Killed a cyclops
  1032 | D        | Entered arena 12.
  1032 | D        | Noticed an entropy weaver
  1032 | D        | Noticed a pharaoh ant
  1032 | D        | Noticed a torpor snail
  1033 | D        | Noticed a spark wasp
  1038 | D        | Killed a pharaoh ant
  1039 | D        | Reached skill level 18 in Axes
  1040 | D        | Killed a spark wasp
  1041 | D        | Reached XP level 11. HP: 90/111 MP: 11/11
  1042 | D        | Identified the +8 flail of Xecomesm {flame, *Rage rElec
                  | rF++} (Trog gifted it to you in the Dungeon)
  1042 | D        | Received a gift from Trog
  1043 | D        | Reached skill level 15 in Fighting
  1045 | D        | Killed an entropy weaver
  1390 | D        | Found a transporter.
  1396 | D        | Got the Almanac of Dislocation
  1409 | D        | Got the ring "Koitohy" {rF+ rC+ rN+}
  1414 | D        | Entered arena 13.
  1414 | D        | Noticed a six-headed hydra
  1419 | D        | Reached skill level 19 in Axes
  1420 | D        | Received a gift from Trog
  1423 | D        | Killed an eight-headed hydra
  1424 | D        | Reached skill level 15 in Shields
  1424 | D        | Received a gift from Trog
  1427 | D        | Found a transporter.
  1476 | D        | Entered arena 14.
  1477 | D        | Noticed a vampire mage
  1477 | D        | Noticed a necromancer
  1478 | D        | Noticed a vampire knight
  1478 | D        | Noticed a vampire mage
  1478 | D        | Noticed a skeletal warrior
  1484 | D        | Killed a vampire mage
  1485 | D        | Reached skill level 5 in Evocations
  1485 | D        | Identified the +10 war axe of Punishment {flame, rF++ Will-
                  | Dex+4} (Trog gifted it to you in the Dungeon)
  1485 | D        | Received a gift from Trog
  1486 | D        | Killed a necromancer
  1489 | D        | Killed a vampire knight
  1489 | D        | Received a gift from Trog
  1491 | D        | Reached XP level 12. HP: 124/124 MP: 12/12
  1493 | D        | Reached skill level 20 in Axes
  1493 | D        | Killed a vampire mage
  1493 | D        | Received a gift from Trog
  1495 | D        | Found a transporter.
  1617 | D        | Got the Handbook of Beguiling
  1627 | D        | Entered arena 15.
  1628 | D        | Noticed a vampire mage
  1628 | D        | Noticed an ancient lich
  1629 | D        | Noticed a vampire knight
  1629 | D        | Identified the +8 short sword of Grontol {spect, rC+}
  1629 | D        | Noticed a vampire mage
  1637 | D        | Killed a vampire mage
  1639 | D        | Received a gift from Trog
  1645 | D        | Killed a vampire mage
  1646 | D        | Found a transporter.
  1649 | D        | Killed an ancient lich
  1649 | D        | Received a gift from Trog
  1650 | D        | Reached skill level 15 in Armour
  1652 | D        | Killed a vampire knight
  1653 | D        | Reached skill level 21 in Axes
  1669 | D        | Got the amulet "Sawodu" {Faith rElec}
  1686 | D        | Got the Guide on Sinister Intoxication
  1707 | D        | Entered arena 16.
  1708 | D        | Noticed a nargun
  1708 | D        | Noticed a wendigo
  1708 | D        | Noticed an Ice Fiend
  1708 | D        | Noticed a nargun
  1709 | D        | Noticed a nargun
  1710 | D        | Received a gift from Trog
  1711 | D        | Noticed a nargun
  1712 | D        | Paralysed by a wendigo for 1 turns
  1715 | D        | Killed a wendigo
  1720 | D        | HP: 2/192 [nargun (8)]
  1720 | D        | Annihilated by a nargun

Illustrated notes

Levels and vault maps discovered:
D:        sprint_v [room_start, room_1, room_2, room_3, room_4, room_5, room_6,
          room_7, room_8, room_9, room_10, room_11, room_12, room_13, room_14,
          room_15, room_16, room_17, room_18, room_19, room_20, room_21,
          room_22, room_23, room_24, room_25, room_26, room_27]

Skill      XL: |  1  2  3  4  5  6  7  8  9 10 11 12 |
---------------+-------------------------------------+-----
Fighting       | 7 8 9 10 11 12 13 14 16 18 | 18.5
Axes           | 7 9 11 12 14 16 18 19 21 | 21.1
Armour         | 4 5 6 7 8 9 10 12 14 15 | 15.3
Dodging        | 3 4 5 6 7 8 9 |  9.2
Stealth        | 1 2 3 4 5 6 |  6.2
Shields        | 2 3 4 5 7 9 13 16 18 | 18.5
Short Blades   | 1 |  1.2
Long Blades    | 1 |  1.4
Maces & Flails | 1 |  1.4
Polearms       | 1 |  1.4
Staves         | 1 |  1.4
Slings         | 1 |  1.2
Bows           | 1 |  1.2
Crossbows      | 1 |  1.2
Throwing       | 1 |  1.8
Unarmed Combat | 1 |  1.2
Invocations    | 1 |  1.4
Evocations     | 1 2 4 5 7 |  7.7

Action                   |  1- 3 |  4- 6 |  7- 9 | 10-12 || total
-------------------------+-------+-------+-------+-------++-------
Melee: Broad axe         |     3 |     8 |    32 |    54 ||    97
       Headbutt          |       |       |     8 |    11 ||    19
Invok: Berserk           |       |       |       |     1 ||     1
       Brothers in Arms  |       |       |       |     1 ||     1
Evoke: Box of beasts     |       |     1 |       |     5 ||     6
       Piece from Xom's  |       |       |     3 |     1 ||     4
       Condenser vane    |       |       |     1 |     4 ||     5
       Phial of floods   |       |       |     1 |     2 ||     3
       Lightning rod     |       |       |     1 |       ||     1
       Phantom mirror    |       |       |       |     3 ||     3
  Use: Potion            |       |       |     1 |     6 ||     7
 Stab: Sleeping          |     2 |       |       |       ||     2
       Distracted        |       |       |       |     1 ||     1
Armor: Shadow dragon sca |       |     2 |    20 |    35 ||    57
Dodge: Dodged            |       |     1 |     2 |    11 ||    14
Block: Kite shield       |     2 |    19 |    71 |   117 ||   209
